Description

WM drop into banshee opener.

Replay - Maru v Reynor: Game 5 - Pillars of Gold LE

Build Order

Get SALT Encoding   

  12  0:00  SCV  
  13  0:12  SCV  
  14  0:17  Supply Depot  
  14  0:24  SCV  
  15  0:39  SCV  
  15  0:40  Barracks  
  16  0:45  Refinery  
  16  0:51  SCV  
  17  1:03  SCV  
  18  1:15  SCV  
  19  1:27  Marine  
  19  1:28  Orbital Command  
  20  1:43  Command Center  
  20  1:53  SCV  
  21  1:59  Factory  
  21  2:05  Barracks Reactor, SCV  
  22  2:11  Supply Depot  
  22  2:18  SCV  
  22  2:22  Refinery  
  24  2:41  Marine x2  
  26  2:44  Starport  
  26  2:46  Hellion  
  29  2:55  Orbital Command  
  29  2:59  Marine x2  
  32  3:07  Widow Mine  
  34  3:14  Supply Depot  
  35  3:22  Medivac  
  37  3:31  Marine  
  40  3:36  Hellion x2  
  46  3:44  Supply Depot  
  46  3:50  Barracks Tech Lab  
  46  3:54  Starport Tech Lab  
  47  3:59  Hellion x2  
  53  4:11  Marine  
  53  4:13  Supply Depot  
  53  4:15  Banshee  
  59  4:20  Cloaking Field  
  60  4:44  Command Center  
  62  4:57  Marine, Stimpack  
  62  4:58  Banshee  
  69  5:12  Factory Reactor  
  69  5:14  Barracks x2  
  70  5:18  Engineering Bay x2  
  71  5:28  Marine  
  73  5:35  Refinery  
  74  5:46  Marine  
  74  5:48  Refinery, Terran Infantry Armor Level 1, Terran Infantry Weapons Level 1  
  76  5:50  Starport Reactor  
  78  5:57  Orbital Command  
  78  6:02  Siege Tank  
  82  6:13  Barracks x2  
  88  6:27  Medivac x2  
  93  6:37  Orbital Command  
  93  6:39  Siege Tank  
  99  6:57  Combat Shield  
  99  6:58  Armory  
  99  7:05  Barracks Reactor x2  
  102  7:12  Siege Tank  
  112  7:22  Medivac  
  120  7:31  Medivac  
  134  8:06  Medivac x2, Siege Tank  
  134  8:08  Command Center  
  141  8:14  Terran Infantry Weapons Level 2  
  136  8:36  Medivac  
  136  8:39  Siege Tank  
  138  8:52  Terran Infantry Armor Level 2  
  138  9:00  Refinery x2  
  141  9:15  Medivac x2  
  155  9:27  Missile Turret x3  
  154  9:33  Marauder  
  157  9:40  Factory  
  151  9:57  Marauder  
  162  10:00  Terran Vehicle And Ship Armor Level 1  
  162  10:08  Missile Turret  
  162  10:10  Thor  
  169  10:14  Planetary Fortress  
  168  10:22  Marauder  
  168  10:25  Barracks x3  
  171  10:28  Drilling Claws  
  171  10:33  Missile Turret, Factory Reactor  
  177  10:44  Marauder  
  182  10:57  Thor  
  182  11:00  Command Center  
  186  11:15  Barracks Tech Lab  
  176  11:18  Orbital Command  
  176  11:21  Marauder  
  176  11:23  Widow Mine x2  
  154  11:33  Barracks Tech Lab  
  154  11:38  Marauder x2, Barracks Tech Lab  
  156  11:40  Widow Mine, Terran Infantry Armor Level 3, Terran Infantry Weapons Level 3  
  156  11:45  Missile Turret  
  162  11:47  Orbital Command  
  166  11:56  Widow Mine x2  
  171  12:01  Widow Mine  
  171  12:03  Terran Vehicle Weapons Level 1  
  171  12:04  Marauder  
  171  12:07  Barracks Tech Lab  
  162  12:12  Missile Turret  
  162  12:13  Marauder x2  
  172  12:22  Thor  
  175  12:23  Orbital Command  
  175  12:27  Concussive Shells  
  165  12:53  Widow Mine x2  
  180  13:01  Refinery  
  180  13:03  Missile Turret  
  185  13:12  Widow Mine  
  199  13:34  Missile Turret x2  
  191  13:50  Thor  
  188  13:57  Planetary Fortress  
Spawning Tool Build Advisor. Get it on Overwolf

Go to:

Details

  • Created by: lucahecker
  • Published on: Apr 01, 2021
  • Modified on: Apr 01, 2021
  • Patch: 4.11.0
  • Difficulty: Hard
Show
View Real Time Build Order
Export as new Build Order

Comments (0)

There are no comments. Be the first!

Create an account to comment!